 Dungeon Crawl Stone Soup version 0.19-a0-414-g76fec5b (webtiles) character file.

103 wvc the Covered (level 4, -6/33 HPs)
             Began as a Mummy Wanderer on May 31, 2016.
             Mangled by Xiguana's ghost (11 damage)
             ... on level 3 of the Dungeon.
             The game lasted 00:05:10 (2813 turns).

wvc the Covered (Mummy Wanderer)                    Turns: 2813, Time: 00:05:11

Health: -6/33      AC:  6    Str: 13    XL:     4   Next: 51%
Magic:  5/5        EV:  6    Int: 10    God:
Gold:   134        SH:  3    Dex: 15    Spells: 0 memorised, 5 levels left

rFire  x . .     SeeInvis .     a - +2 dagger
rCold  + . .     Gourm    .     m - +0 leather armour
rNeg   + + +     Faith    .     q - +0 buckler
rPois  ∞         Spirit   .     o - +0 helmet
rElec  .         Dismiss  .     (no cloak)
rCorr  .         Reflect  .     l - +1 pair of gloves
SustAt .         Harm     .     (no boots)
MR     .....                    (no amulet)
Stlth  ++........               (no ring)
                                (no ring)

@: not resistant to hostile enchantments, unstealthy
A: no food or potions, fire vulnerability, cold resistance 1, negative energy
resistance 3, torment resistance, unbreathing
a: no special abilities


You were on level 3 of the Dungeon.
You were not hungry.

You visited 1 branch of the dungeon, and saw 3 of its levels.

You collected 134 gold pieces.

Inventory:

Hand Weapons
 a - a +2 dagger (weapon)
 c - a +0 shortbow
 n - a +0 dagger of venom
Missiles
 d - 43 arrows
 k - a throwing net (quivered)
 p - 21 poisoned needles
Armour
 l - a +1 pair of gloves (worn)
 m - a +0 leather armour (worn)
 o - a +0 helmet (worn)
 q - a +0 buckler (worn)
Scrolls
 b - 2 scrolls of blinking
 e - a scroll of fog
 f - a scroll of identify
 i - 2 scrolls of teleportation


   Skills:
 + Level 2.0 Fighting
 * Level 1.7 Short Blades
 - Level 1.5 Bows
 - Level 1.0 Throwing
 - Level 2.2 Armour
 + Level 1.7 Dodging
 - Level 1.0 Stealth
 - Level 1.0 Spellcasting
   Level 2.0 Necromancy


You had 5 spell levels left.
You didn't know any spells.

Dungeon Overview and Level Annotations

Branches:
Dungeon (3/15)

Altars:
Sif Muna

Annotations:
D:3 Xiguana's ghost, amateur DDFi


Innate Abilities, Weirdness & Mutations

You do not eat or drink.
Your flesh is vulnerable to fire.
You are immune to poison.
Your flesh is cold resistant. (rC+)
You are immune to negative energy. (rN+++)
You are immune to unholy pain and torment.
You can survive without breathing.


Message History

Level annotation: Xiguana's ghost, amateur DDFi Xiguana's ghost closely misses you.
There is a stone staircase leading up here.
You hit Xiguana's ghost.
Xiguana's ghost is lightly damaged.
Xiguana's ghost hits you!
You hit Xiguana's ghost but do no damage.
Xiguana's ghost is lightly damaged.
Xiguana's ghost closely misses you.
You hit Xiguana's ghost.
Xiguana's ghost is lightly damaged.
Xiguana's ghost closely misses you.
You hit Xiguana's ghost but do no damage.
Xiguana's ghost is lightly damaged.
Xiguana's ghost hits you!
* * * LOW HITPOINT WARNING * * *
You are too injured to fight recklessly!
You are too injured to fight recklessly!
Xiguana's ghost hits you!
You die...

#.#..#.# #.#.# #.......#..
#.#..#.####.#.# #...†...#..
#.#..#......#.# #....†..#..
#.###########(# #.#.#...!..
#...!.........#####.#.#.....#
###########......##.#.#.....#
#.....(....#.#.'.....+
#.....W....#.###.....#
#....@.....#.# #######
###.......##.# #.......'..#
##......#### #......#
#......# ########


You could see Xiguana's ghost.

Vanquished Creatures
  Robin (D:2)
  3 adders (D:2)
  A dart slug (D:1)
  3 giant geckos
  2 bats
  2 giant cockroaches
  3 hobgoblins
  9 jackals (D:2)
  A quokka (D:3)
  A ball python (D:2)
  3 giant newts
  15 goblins
  7 kobolds
  9 rats
60 creatures vanquished.

Notes
Turn   | Place    | Note
--------------------------------------------------------------
     0 | D:1      | wvc the Mummy Wanderer began the quest for the Orb.
     0 | D:1      | wvc set off with: a +2 dagger, a scroll of blinking, a +0 shortbow, 27 arrows, Culam's Catalogue of Darkness, a +0 robe
     0 | D:1      | Reached XP level 1. HP: 15/15 MP: 2/2
     0 | D:1      | Identified Culam's Catalogue of Darkness
   366 | D:1      | Reached XP level 2. HP: 19/21 MP: 3/3
   961 | D:2      | Noticed Robin
  1206 | D:2      | Reached skill level 1 in Short Blades
  1236 | D:2      | Reached XP level 3. HP: 23/26 MP: 4/4
  1369 | D:2      | Killed Robin
  1445 | D:2      | Found a deep blue altar of Sif Muna.
  1675 | D:2      | Reached skill level 1 in Dodging
  1699 | D:2      | Reached XP level 4. HP: 25/33 MP: 5/5
  2494 | D:3      | Noticed Xiguana's ghost (amateur DDFi)
  2813 | D:3      | Mangled by Xiguana's ghost

Vault maps used:
D:1:      lightli_arrival_noodles
D:2:      lemuel_blue_sif_altar, minmay_cupped, uniq_robin
D:3:      nicolae_ru_sacrificial_ziggurat

Skill      XL: |  1  2  3  4 |
---------------+-------------+-----
Armour         | 2 |  2.2
Short Blades   | 1 |  1.7
Dodging        | 1 |  1.7
Fighting       | 2 |  2.0
Bows           | |  1.5
Throwing       | |  1.0
Stealth        | |  1.0
Spellcasting   | |  1.0
Necromancy     | |  2.0

Action                   |  1- 3 |  4- 6 || total
-------------------------+-------+-------++-------
Melee: Dagger            |   124 |    82 ||   206
Throw: Throwing net      |       |     1 ||     1
  Use: Scroll            |       |     5 ||     5
 Stab: Sleeping          |     3 |       ||     3
Armor: Robe              |     2 |       ||     2
       Leather armour    |    20 |    31 ||    51
Dodge: Dodged            |    74 |    37 ||   111
Block: Buckler           |       |    13 ||    13
